 Dungeon Crawl Stone Soup version 0.32-a0-672-gff75c0d (webtiles) character file.

Game seed: 4726809793994710716

19423 skewfiend the Cleaver (level 12, -4/95 HPs)
             Began as a Gnoll Reaver on Mar 9, 2024.
             Was a High Priest of Fedhas.
             Slain by a komodo dragon (18 damage)
             ... on level 2 of the Lair of Beasts.
             The game lasted 00:57:46 (11488 turns).

skewfiend the Cleaver (Gnoll Reaver)               Turns: 11488, Time: 00:57:47

Health: -4/95      AC: 17    Str: 15    XL:     12   Next: 68%
Magic:  9/25       EV: 12    Int: 15    God:    Fedhas [*****.]
Gold:   533        SH: 11    Dex: 13    Spells: 6/29 levels left

rFire   + + .        a - +8 trident (drain)
rCold   . . .        F - +0 buckler
rNeg    . . .        e - +3 scale mail
rPois   +            S - +0 helmet {SInv}
rElec   .            h - scarf {repulsion}
rCorr   +            x - +2 pair of gloves
SInv    +            q - +0 pair of boots
Will    .....        t - amulet of reflection
Stlth   ++           K - ring of wizardry
HPRegen 0.35/turn    u - ring of Appac {^Contam rPois rF++ rCorr Dex+3}
MPRegen 0.19/turn

%: repel missiles, reflection, wizardry (x1)
@: no status effects
A: fangs 1, strong nose, distributed training
a: Renounce Religion, Wall of Briars, Grow Ballistomycete, Overgrow, Grow Oklob


You were on level 2 of the Lair of Beasts.
You worshipped Fedhas.
Fedhas was extremely pleased with you.
You visited 2 branches of the dungeon, and saw 11 of its levels.
You also visited: Ossuary, Bailey and Gauntlet.

You collected 643 gold pieces.
You spent 110 gold pieces at shops.

Inventory:

Hand Weapons
 a - a +8 trident of draining (weapon)
 b - the +8 sling "Ylixif" {antimagic, Str+2}
   (You found it on level 3 of the Dungeon)

   Str+2:     It affects your strength (+2).
 o - a +1 hand axe of electrocution
 v - the +9 rapier "Ruacu" {chaos, *Slow rF+ Will++ SInv}
   (You found it in a Gauntlet)

   rF+:       It protects you from fire.
   Will++:    It greatly increases your willpower.
   SInv:      It lets you see invisible.
   *Slow:     It may slow you when you take damage.
 B - a +5 long sword of holy wrath
 W - a +0 war axe of flaming
 Y - a +6 scimitar
Missiles
 d - 106 stones
 g - 23 poisoned darts
 j - 15 javelins
 V - 6 atropa-tipped darts
Armour
 e - a +3 scale mail (worn)
 h - a scarf of repulsion (worn)
 n - a +0 plate armour
 q - a +0 pair of boots (worn)
 x - a +2 pair of gloves (worn)
 F - a +0 buckler (worn)
 S - a +0 helmet of see invisible (worn)
Magical Staves
 R - a staff of death
Jewellery
 t - an amulet of reflection (around neck)
 u - the ring of Appac (right hand) {^Contam rPois rF++ rCorr Dex+3}
   (You found it in a Gauntlet)

   [ring of poison resistance]

   Dex+3:     It affects your dexterity (+3).
   rF++:      It greatly protects you from fire.
   rPois:     It protects you from poison.
   ^Contam:   It causes magical contamination when unequipped.
   rCorr:     It protects you from acid and corrosion.
 w - a +6 ring of dexterity
 C - a +5 ring of evasion
 K - a ring of wizardry (left hand)
Talismans
 J - a beast talisman
Wands
 k - a wand of light (17)
 L - a wand of mindburst (22)
 O - a wand of flame (16)
 U - a wand of charming (19)
Scrolls
 l - a scroll of brand weapon
 m - 3 scrolls of poison
 p - a scroll of torment
 r - a scroll of identify
 y - a scroll of silence
 A - 2 scrolls of amnesia
 D - 6 scrolls of teleportation
 H - 4 scrolls of fog
 N - 2 scrolls of blinking
 P - 3 scrolls of enchant weapon
Potions
 c - a potion of mutation
 f - 3 potions of lignification
 i - 2 potions of heal wounds
 s - a potion of magic
 z - 6 potions of curing
 G - 2 potions of enlightenment
 I - a potion of cancellation
 M - 4 potions of berserk rage
 Q - 2 potions of might
 T - a potion of ambrosia
Miscellaneous
 E - a lightning rod (4/4)


   Skills:
 + Level 9.1 Fighting
 + Level 7.8 Short Blades
 + Level 7.8 Long Blades
 + Level 10.2 Axes
 + Level 7.8 Maces & Flails
 + Level 7.8 Polearms
 + Level 7.8 Staves
 + Level 7.8 Ranged Weapons
 + Level 7.8 Throwing
 + Level 7.8 Armour
 + Level 9.1 Dodging
 + Level 7.8 Stealth
 + Level 7.8 Shields
 + Level 7.8 Unarmed Combat
 + Level 9.3 Spellcasting
 + Level 8.6 Conjurations
 + Level 6.5 Hexes
 + Level 6.5 Summonings
 + Level 6.5 Necromancy
 + Level 6.5 Translocations
 + Level 6.5 Fire Magic
 + Level 6.5 Ice Magic
 + Level 6.5 Air Magic
 + Level 6.5 Earth Magic
 + Level 6.5 Alchemy
 + Level 8.5 Invocations
 + Level 7.8 Evocations
 + Level 7.1 Shapeshifting


You had 6 spell levels left.
You knew the following spells:

 Your Spells              Type           Power      Damage    Failure   Level
a - Kiss of Death         Conj/Necr      100%       2d13      1%          1
b - Hailstorm             Conj/Ice       29%        3d8       2%          3
c - Momentum Strike       Conj/Tloc      58%        3d9       1%          2
d - Mephitic Cloud        Conj/Alch/Air  28%        N/A       2%          3
e - Fugue of the Fallen   Necr           26%        N/A       3%          3
f - Vampiric Draining     Necr           26%        2d7       3%          3
g - Manifold Assault      Tloc           26%        N/A       12%         4
h - Iskenderun's Mystic   Conj/Tloc      29%        2d7       8%          4

Your spell library contained the following spells:

 Spells                   Type           Power      Damage    Failure   Level
 Necrotise                Necr           100%       1d9       1%          1
 Slow                     Hex            100%       N/A       1%          1
 Lesser Beckoning         Tloc           52%        N/A       1%          2
 Mercury Vapours          Alch/Air       52%        N/A       1%          2
 Confusing Touch          Hex            26%        N/A       3%          3
 Gell's Gravitas          Tloc           26%        N/A       3%          3
 Ozocubu's Armour         Ice            26%        N/A       3%          3
 Sigil of Binding         Hex            26%        N/A       3%          3
 Teleport Other           Tloc           26%        N/A       3%          3
 Volatile Blastmotes      Fire/Tloc      52%        2d14      3%          3
 Fulminant Prism          Conj/Alch      14%        3d9       8%          4
 Airstrike                Air            13%        2d(2-18)  12%         4
 Animate Dead             Necr           26%        N/A       12%         4
 Martyr's Knell           Necr/Summ      26%        N/A       12%         4
 Freezing Cloud           Conj/Ice/Air   14%        6-21      24%         5
 Curse of Agony           Necr           26%        N/A       32%         5
 Sculpt Simulacrum        Ice/Alch       13%        N/A       85%         6
 Haunt                    Necr/Summ      13%        N/A       100%        7
 Ozocubu's Refrigeration  Ice            13%        4d10      100%        7
 Infestation              Necr           13%        N/A       100%        8
 Polar Vortex             Ice            13%        12d1*     100%        9


Dungeon Overview and Level Annotations

Branches:
Dungeon (9/15)             Temple (0/1) D:6            Lair (2/5) D:9
Ossuary (visited)          Bailey (visited)         Gauntlet (visited)
  Swamp: Lair:2-3    Shoals: Lair:2-3     Snake: Lair:2-3    Spider: Lair:2-3
    Orc: D:9-12

Altars:
Dithmenos
Elyvilon
Fedhas
Gozag
Kikubaaqudgha
Nemelex Xobeh
Qazlal
Sif Muna
Wu Jian
Xom
Zin
The Shining One

Shops:
D:2 :   D:7 :[(=*

Portals:
Abyss: Lair:2

Annotations:
D:6 2 transporters, asteosic's ghost, novice TeAE
D:7 2 transporters
Lair:2 2 transporters, Venas's ghost, journeyman MiFi


Innate Abilities, Weirdness & Mutations

You have very sharp teeth.
Your uncanny sense of smell can sniff out nearby items.
Your experience applies equally to all skills.


Message History

Unknown command.
Unknown command.
Casting: Hailstorm (mildly dangerous; 2% risk of failure)
Confirm with . or Enter, or press ? or * to list all spells.
You erupt in a blast of force!
The mystic blast hits the basilisk.
You kill the basilisk!
Fedhas appreciates your contribution to the ecosystem.
The mystic blast hits the komodo dragon.
The komodo dragon is moderately wounded.
You block the komodo dragon's attack.
Unknown command.
Casting: Iskenderun's Mystic Blast (dangerous; 8% risk of failure)
Confirm with . or Enter, or press ? or * to list all spells.
Aiming: Mephitic Cloud (mildly dangerous; 2% risk of failure)
Press: ? - help, Shift-Dir - straight line, f - komodo dragon
Aim: a komodo dragon (moderately wounded, chance to affect: 62%)
The ball explodes into a vile cloud!
The stinking cloud engulfs the komodo dragon.
The komodo dragon is moderately wounded.
The stinking cloud engulfs the scorpion.
The stinking cloud engulfs you.
The scorpion is engulfed in noxious fumes.
The scorpion appears confused.
The scorpion closely misses the komodo dragon.
The komodo dragon is engulfed in noxious fumes.
The komodo dragon bites you.
* * * LOW HITPOINT WARNING * * *
The scorpion is engulfed in noxious fumes.
The scorpion appears confused.
Casting: Mephitic Cloud (mildly dangerous; 2% risk of failure)
Confirm with . or Enter, or press ? or * to list all spells.
Aiming: Vampiric Draining (mildly dangerous; 3% risk of failure)
Press: ? - help, Shift-Dir - straight line, f/p - komodo dragon
Aim: a komodo dragon (noxious fumes, moderately wounded)
You draw life force from the komodo dragon!
You feel life coursing into your body.
The komodo dragon is engulfed in noxious fumes.
The komodo dragon appears confused.
The komodo dragon bites you!!
You die...
Fedhas appreciates your contribution to the ecosystem.

.. .#... #.#....
...... ....# ....
##§s# #§l§## ##
##@#)# #.##.+.#
#......# ### .
##.....####P## ...
#........#..+.....
#.....+.....P.....
#.....######D.....
#.....# #+..###
###...## .P.#


You could see a komodo dragon (confused) and a scorpion (confused).

Vanquished Creatures
  A minotaur (Gauntlet)
  An entropy weaver (Gauntlet)
  A hydra (Lair:2)
  A two-headed ogre (D:8)
  An orc knight (Bailey)
  A deep elf zephyrmancer (Bailey)
  Pikel (D:4)
  A wolf spider (Gauntlet)
  2 worldbinders (Gauntlet)
  2 cane toads (Lair:1)
  A black mamba (Lair:1)
  Maggie (D:6)
  Jeremiah (D:7)
  2 rime drakes (Lair:1)
  3 komodo dragons
  A troll (D:9)
  A polar bear (Lair:2)
  Grinder (D:3)
  Sigmund (D:6)
  A jumping spider (Gauntlet)
  A wyvern (Lair:1)
  2 basilisks
  25 yaks
  A redback (Gauntlet)
  Edmund (D:6)
  Menkaure (D:7)
  4 water moccasins
  Duvessa (D:4)
  A sky beast (D:8)
  10 orc warriors
  2 ice beasts
  5 boggarts (Gauntlet)
  3 black bears
  2 ogres
  7 wolves
  A centaur (D:5)
  3 phantoms
  4 lemures
  7 bullfrogs
  4 scorpions
  Dowan (D:4)
  4 wights (D:7)
  A troll zombie (Ossuary)
  10 killer bees
  5 electric eels (D:8)
  2 howler monkeys (D:6)
  2 bombardier beetles
  4 centaur zombies (Ossuary)
  2 jellies
  3 hounds
  8 orc priests
  A gnoll bouda (D:7)
  Jessica (D:3)
  3 iguanas
  Ijyb (D:3)
  6 orc wizards
  Terence (D:3)
  7 mummies (Ossuary)
  9 gnolls
  8 adders
  2 shadow imps
  2 ufetubi (D:7)
  6 adder zombies (Ossuary)
  2 dart slugs
  3 ribbon worms
  22 orcs
  12 ball pythons
  5 bats
  5 endoplasms
  5 giant cockroaches
  9 goblins
  9 hobgoblins
  7 quokkas
  7 frilled lizards
  3 goblin zombies (Ossuary)
  5 hobgoblin zombies (Ossuary)
  7 kobolds
  5 kobold zombies (Ossuary)
  4 quokka zombies (Ossuary)
  8 rats
  2 rat zombies (Ossuary)
319 creatures vanquished.

Vanquished Creatures (collateral kills)
  14 ballistomycete spores
14 creatures vanquished.

Vanquished Creatures (others)
  A sleepcap (D:8)
  A ballistomycete spore (D:9)
2 creatures vanquished.

Grand Total: 335 creatures vanquished

Notes
Turn   | Place    | Note
-------+----------+-------------------------------------------
     0 | D:1      | skewfiend the Gnoll Reaver began the quest for the Orb.
     0 | D:1      | Reached XP level 1. HP: 20/20 MP: 6/6
   129 | D:1      | Reached XP level 2. HP: 24/24 MP: 7/7
   561 | D:1      | Reached skill level 5 in Spellcasting
   561 | D:1      | Reached XP level 3. HP: 26/31 MP: 7/9
   615 | D:1      | Found a faded altar of an unknown god.
   778 | D:2      | Reached skill level 1 in Invocations
   784 | D:2      | Reached skill level 1 in Short Blades
   784 | D:2      | Reached skill level 1 in Long Blades
   784 | D:2      | Reached skill level 1 in Maces & Flails
   784 | D:2      | Reached skill level 1 in Polearms
   784 | D:2      | Reached skill level 1 in Staves
   784 | D:2      | Reached skill level 1 in Ranged Weapons
   784 | D:2      | Reached skill level 1 in Throwing
   784 | D:2      | Reached skill level 1 in Armour
   784 | D:2      | Reached skill level 1 in Stealth
   784 | D:2      | Reached skill level 1 in Shields
   784 | D:2      | Reached skill level 1 in Unarmed Combat
   784 | D:2      | Reached skill level 1 in Evocations
   877 | D:2      | Found Suhutui's Book Shop.
   907 | D:2      | Reached skill level 1 in Shapeshifting
   907 | D:2      | Reached XP level 4. HP: 33/36 MP: 11/11
  1024 | D:2      | Reached skill level 1 in Hexes
  1024 | D:2      | Reached skill level 1 in Summonings
  1024 | D:2      | Reached skill level 1 in Necromancy
  1024 | D:2      | Reached skill level 1 in Translocations
  1024 | D:2      | Reached skill level 1 in Fire Magic
  1024 | D:2      | Reached skill level 1 in Ice Magic
  1024 | D:2      | Reached skill level 1 in Air Magic
  1024 | D:2      | Reached skill level 1 in Earth Magic
  1024 | D:2      | Reached skill level 1 in Alchemy
  1187 | D:2      | Reached XP level 5. HP: 31/32 MP: 12/12
  1205 | D:2      | Learned a level 3 spell: Hailstorm
  1443 | D:2      | Learned a level 2 spell: Momentum Strike
  1558 | D:3      | Upgraded the game from 0.32-a0-665-g3d30ec2 to
                  | 0.32-a0-666-ge8a8869
  1583 | D:3      | Noticed Grinder
  1595 | D:3      | Paralysed by Grinder for 2 turns
  1628 | D:3      | Killed Grinder
  1629 | D:3      | Reached skill level 5 in Fighting
  1629 | D:3      | Reached skill level 5 in Dodging
  1629 | D:3      | Reached XP level 6. HP: 29/51 MP: 11/14
  1745 | D:3      | Noticed Ijyb
  1752 | D:3      | Killed Ijyb
  2052 | D:3      | Noticed Jessica
  2055 | D:3      | Noticed Terence
  2070 | D:3      | Killed Jessica
  2083 | D:3      | Killed Terence
  2338 | D:3      | Reached XP level 7. HP: 53/54 MP: 15/15
  2447 | D:3      | Identified the +8 sling "Ylixif" {antimagic, Str+2}
  2510 | D:4      | Reached skill level 7 in Axes
  2671 | D:4      | Noticed Duvessa
  2709 | D:4      | Killed Duvessa
  2798 | D:4      | Noticed Dowan
  2812 | D:4      | Killed Dowan
  3207 | D:4      | Noticed Pikel
  3335 | D:4      | Killed Pikel
  3336 | D:4      | Reached XP level 8. HP: 55/64 MP: 5/17
  3438 | D:5      | Entered Level 5 of the Dungeon
  3540 | D:5      | Found a blossoming altar of Fedhas.
  3561 | D:5      | Became a worshipper of Fedhas Madash
  3740 | D:5      | Found a white marble altar of Elyvilon.
  4078 | D:6      | Found a staircase to the Ecumenical Temple.
  4082 | D:6      | Found a sand-covered staircase.
  4100 | D:6      | Reached XP level 9. HP: 69/69 MP: 6/18
  4104 | D:6      | Learned a level 3 spell: Mephitic Cloud
  4105 | Ossuary  | Entered an ossuary
  4181 | Ossuary  | Reached * piety under Fedhas
  4781 | D:6      | Noticed asteosic's ghost (novice TeAE)
  4799 | D:6      | Noticed a manticore
  4800 | D:6      | Found a transporter.
  4811 | D:6      | Found a transporter.
  4955 | D:6      | Found an ornate altar of the Wu Jian Council.
  4955 | D:6      | Found a faded altar of an unknown god.
  4962 | D:6      | Found a shadowy altar of Dithmenos.
  4964 | D:6      | Found a glowing golden altar of the Shining One.
  4966 | D:6      | Found an ancient bone altar of Kikubaaqudgha.
  5047 | D:6      | Reached ** piety under Fedhas
  5048 | D:6      | Reached skill level 8 in Axes
  5287 | D:6      | Noticed Maggie
  5299 | D:6      | Killed Maggie
  5300 | D:6      | Reached skill level 5 in Invocations
  5504 | D:6      | Noticed Edmund
  5505 | D:6      | Noticed Sigmund
  5528 | D:6      | Killed Edmund
  5541 | D:6      | Killed Sigmund
  5671 | D:7      | Found Itos's Armour Boutique.
  5691 | D:7      | Noticed Menkaure
  5694 | D:7      | Killed Menkaure
  5695 | D:7      | Reached skill level 5 in Short Blades
  5695 | D:7      | Reached skill level 5 in Long Blades
  5695 | D:7      | Reached skill level 5 in Maces & Flails
  5695 | D:7      | Reached skill level 5 in Polearms
  5695 | D:7      | Reached skill level 5 in Staves
  5695 | D:7      | Reached skill level 5 in Ranged Weapons
  5695 | D:7      | Reached skill level 5 in Throwing
  5695 | D:7      | Reached skill level 5 in Armour
  5695 | D:7      | Reached skill level 5 in Stealth
  5695 | D:7      | Reached skill level 5 in Shields
  5695 | D:7      | Reached skill level 5 in Unarmed Combat
  5695 | D:7      | Reached skill level 5 in Evocations
  5695 | D:7      | Reached XP level 10. HP: 12/77 MP: 2/20
  5913 | D:7      | Noticed Jeremiah
  6087 | D:7      | Killed Jeremiah
  6138 | D:7      | Found Imimarar's Weapon Emporium.
  6138 | D:7      | Found Jyuto's Jewellery Shoppe.
  6286 | D:7      | Identified a scroll of acquirement
  6353 | D:7      | Found a shimmering blue altar of Sif Muna.
  6504 | D:7      | Found Ucon's Assorted Antiques.
  6508 | D:7      | Found an opulent altar of Gozag.
  6519 | D:7      | Reached *** piety under Fedhas
  6529 | D:7      | Bought 2 silvery potions for 52 gold pieces
  6529 | D:7      | Bought a scroll of identify for 58 gold pieces
  6538 | D:7      | Acquired a book of Necromancy
  6546 | D:7      | Learned a level 3 spell: Fugue of the Fallen
  6550 | D:7      | Learned a level 3 spell: Vampiric Draining
  6562 | D:7      | Found a glowing silver altar of Zin.
  6701 | D:7      | Found a stormy altar of Qazlal.
  6707 | D:7      | Found a sparkling altar of Nemelex Xobeh.
  6732 | D:7      | Found a transporter.
  6732 | D:7      | Found Feol's Book Emporium.
  6735 | D:7      | Found a transporter.
  6888 | D:8      | Found a flagged portal.
  6899 | Bailey   | Entered a bailey
  7020 | Bailey   | Reached skill level 5 in Shapeshifting
  7214 | Bailey   | Noticed an orc knight
  7249 | Bailey   | Killed an orc knight
  7341 | Bailey   | Found a large runed translucent door.
  7341 | Bailey   | Found a large runed translucent door.
  7342 | Bailey   | Noticed a deep elf zephyrmancer
  7428 | Bailey   | Killed a deep elf zephyrmancer
  7527 | D:8      | Found a shimmering altar of Xom.
  7722 | D:8      | Reached skill level 9 in Axes
  7731 | D:8      | Reached skill level 5 in Hexes
  7731 | D:8      | Reached skill level 5 in Summonings
  7731 | D:8      | Reached skill level 5 in Necromancy
  7731 | D:8      | Reached skill level 5 in Translocations
  7731 | D:8      | Reached skill level 5 in Fire Magic
  7731 | D:8      | Reached skill level 5 in Ice Magic
  7731 | D:8      | Reached skill level 5 in Air Magic
  7731 | D:8      | Reached skill level 5 in Earth Magic
  7731 | D:8      | Reached skill level 5 in Alchemy
  7731 | D:8      | Reached XP level 11. HP: 39/75 MP: 0/22
  8010 | D:8      | Noticed a two-headed ogre
  8034 | D:8      | Killed a two-headed ogre
  8788 | D:9      | Found a staircase to the Lair.
  8836 | Lair:1   | Entered Level 1 of the Lair of Beasts
  8889 | Lair:1   | Reached **** piety under Fedhas
  9261 | Lair:1   | Learned a level 4 spell: Manifold Assault
  9280 | Lair:1   | Upgraded the game from 0.32-a0-666-ge8a8869 to
                  | 0.32-a0-672-gff75c0d
  9616 | Lair:1   | Reached XP level 12. HP: 23/94 MP: 2/24
 10172 | Lair:2   | Found a one-way gate to the infinite horrors of the Abyss.
 10172 | Lair:2   | Noticed Venas's ghost (journeyman MiFi)
 10173 | Lair:2   | Found a transporter.
 10173 | Lair:2   | Found a transporter.
 10200 | Lair:2   | Found a gate leading to a gauntlet.
 10222 | Gauntlet | Entered a Gauntlet
 10222 | Gauntlet | Found a transporter.
 10222 | Gauntlet | Found a transporter.
 10222 | Gauntlet | Found a transporter.
 10222 | Gauntlet | Found a transporter.
 10242 | Gauntlet | Found a transporter.
 10252 | Gauntlet | Found a transporter.
 10256 | Gauntlet | Found a transporter.
 10264 | Gauntlet | Noticed a hell hog
 10274 | Gauntlet | Found a transporter.
 10292 | Gauntlet | Noticed an entropy weaver
 10296 | Gauntlet | Found a transporter.
 10303 | Gauntlet | Found a transporter.
 10307 | Gauntlet | Found a transporter.
 10321 | Gauntlet | Found a transporter.
 10434 | Gauntlet | Learned a level 4 spell: Iskenderun's Mystic Blast
 10437 | Gauntlet | Noticed a death scarab
 10441 | Gauntlet | Noticed a tengu warrior
 10626 | Gauntlet | Identified the ring of Appac {^Contam rPois rF++ rCorr
                  | Dex+3}
 10780 | Gauntlet | Killed an entropy weaver
 10781 | Gauntlet | Reached skill level 10 in Axes
 10813 | Gauntlet | Identified the +9 rapier "Ruacu" {chaos, *Slow rF+ Will++
                  | SInv}
 10999 | Gauntlet | Noticed a minotaur
 11004 | Gauntlet | Killed a minotaur
 11013 | Gauntlet | Got the Volume of the Frostbound Lungs
 11171 | Lair:2   | Reached ***** piety under Fedhas
 11375 | Lair:2   | Noticed a six-headed hydra
 11393 | Lair:2   | Killed a six-headed hydra
 11488 | Lair:2   | Slain by a komodo dragon

Illustrated notes

Levels and vault maps discovered:
D:1:      amcnicky_arrival_gap_in_the_tavern_cellar, layout_rooms,
          hellmonk_ecumenical_altar_run_dry, patterned_corridor
D:2:      wad_woods_tower, layout_rooms, serial_shops, shop,
          minmay_tiny_reverse_x
D:3:      layout_loops_ring, uniq_ijyb, uniq_grinder, uniq_jessica, uniq_terence
D:4:      layout_basic, minmay_circle_x, uniq_pikel, uniq_duvessa
D:5:      layout_rooms, mainiacjoe_overflow_paths, overflow_temple_1_default
D:6:      layout_basic, chequers_temple_overflow_minitemple,
          minmay_temple_entry_statues_fountains, gammafunk_ghost_arena,
          nicolae_ossuary_entry_ruins, sigmund_edmund_badplayer, uniq_maggie
D:7:      layout_cave_pools, hellmonk_sif_muna_bookshelves,
          nicolae_gozag_seed_capital, grunt_temple_overflow_open,
          mainiacjoe_overflow_small_starburst, serial_shops,
          nicolae_diamond_shop, shop, shop, shop, nicolae_shop_drivethru,
          uniq_jeremiah, uniq_menkaure
D:8:      layout_cave_pools, nicolae_overflow_crystal_walls, enter_bailey_1,
          serial_bayou, serial_bayou_lake_a, serial_bayou_ford_a,
          serial_bayou_pond_d, serial_bayou_shore_b, serial_bayou_pond_a
D:9:      layout_cross, lemuel_tele_altar, david_lair_shrubbed, serial_shops,
          nicolae_shop_rolling_square
Lair:1:   layout_regular_city, grunt_forest_large_clearings,
          infiniplex_staircase_pool_2, grunt_megastairs_3
Lair:2:   layout_roguey, nicolae_spider_entry_lesser_pyramids,
          gammafunk_ghost_abyssal_escape, gauntlet_entry_generic,
          infiniplex_staircase_pool

Skill      XL: |  1  2  3  4  5  6  7  8  9 10 11 12 |
---------------+-------------------------------------+-----
Spellcasting   | 5 6 7 8 9 |  9.3
Invocations    | 1 2 3 4 5 6 7 8 |  8.5
Short Blades   | 1 2 3 4 5 6 7 |  7.8
Long Blades    | 1 2 3 4 5 6 7 |  7.8
Maces & Flails | 1 2 3 4 5 6 7 |  7.8
Polearms       | 1 2 3 4 5 6 7 |  7.8
Staves         | 1 2 3 4 5 6 7 |  7.8
Ranged Weapons | 1 2 3 4 5 6 7 |  7.8
Throwing       | 1 2 3 4 5 6 7 |  7.8
Armour         | 1 2 3 4 5 6 7 |  7.8
Stealth        | 1 2 3 4 5 6 7 |  7.8
Shields        | 1 2 3 4 5 6 7 |  7.8
Unarmed Combat | 1 2 3 4 5 6 7 |  7.8
Evocations     | 1 2 3 4 5 6 7 |  7.8
Shapeshifting  | 1 2 3 4 5 6 7 |  7.1
Hexes          | 1 2 3 4 5 6 |  6.5
Summonings     | 1 2 3 4 5 6 |  6.5
Necromancy     | 1 2 3 4 5 6 |  6.5
Translocations | 1 2 3 4 5 6 |  6.5
Fire Magic     | 1 2 3 4 5 6 |  6.5
Ice Magic      | 1 2 3 4 5 6 |  6.5
Air Magic      | 1 2 3 4 5 6 |  6.5
Earth Magic    | 1 2 3 4 5 6 |  6.5
Alchemy        | 1 2 3 4 5 6 |  6.5
Fighting       | 5 6 7 8 9 |  9.1
Dodging        | 5 6 7 8 9 |  9.1
Axes           | 7 8 9 10 | 10.2
Conjurations   | 6 7 8 |  8.6

Action                     |  1- 3 |  4- 6 |  7- 9 | 10-12 || total
---------------------------+-------+-------+-------+-------++-------
  Melee: Whip              |    91 |   148 |    79 |       ||   318
         Hand axe          |    10 |       |       |       ||    10
         Bite              |     8 |    19 |     7 |    31 ||    65
         Trident           |       |       |       |   387 ||   387
   Fire: Sling             |       |       |   336 |    96 ||   432
   Cast: Kiss of Death     |     2 |     3 |     1 |     4 ||    10
         Momentum Strike   |       |     6 |     7 |    10 ||    23
         Hailstorm         |       |       |     1 |    18 ||    19
         Mephitic Cloud    |       |       |     3 |    19 ||    22
         Vampiric Draining |       |       |       |    12 ||    12
         Manifold Assault  |       |       |       |    11 ||    11
         Fugue of the Fall |       |       |       |     9 ||     9
         Iskenderun's Myst |       |       |       |     6 ||     6
 Invoke: Grow Ballistomyce |       |       |       |     2 ||     2
  Evoke: Lightning rod     |       |       |       |     5 ||     5
         Wand              |       |       |       |     4 ||     4
    Use: Potion            |       |     2 |       |    10 ||    12
         Scroll            |       |     5 |       |    23 ||    28
   Stab: Confused          |       |       |       |    10 ||    10
 Armour: Leather armour    |    25 |       |       |       ||    25
         Scale mail        |    51 |    91 |   139 |   244 ||   525
  Dodge: Dodged            |    58 |    68 |   174 |   221 ||   521
         Repelled          |       |     2 |     3 |     7 ||    12
  Block: Other             |       |     7 |       |       ||     7
         Buckler           |       |       |    80 |   192 ||   272
         Reflection        |       |       |     3 |     8 ||    11
   Form: Blade             |       |       |       |     1 ||     1
         Beast             |       |       |       |     1 ||     1
                           |       |       |       |     1 ||     1

Table legend: (Time is in decaauts)
 A = Elapsed time spent in this place.
 B = Non-inter-level travel time spent in this place.
 C = Inter-level travel time spent in this place.
 D = Time resting spent in this place.
 E = Time spent auto-exploring this place.
 F = Levels seen in this place.
 G = Mean time per level.
                   A        B        C        D        E       F      G
               +--------+--------+--------+--------+--------+-----+--------+
         Total |  11698 |  11183 |    515 |   1422 |   6590 |  14 |  835.6 |
       Dungeon |   7805 |   7374 |    431 |    993 |   4548 |   9 |  867.2 |
          Lair |   1823 |   1739 |     84 |      0 |   1326 |   2 |  911.5 |
       Ossuary |    622 |    622 |      0 |      0 |    399 |   1 |  622.0 |
        Bailey |    609 |    609 |      0 |     52 |    285 |   1 |  609.0 |
      Gauntlet |    838 |    838 |      0 |    377 |     31 |   1 |  838.0 |
               +--------+--------+--------+--------+--------+-----+--------+

Top non-repeatable levels by time:
     D:6: 1426 daAuts
  Lair:1: 1317 daAuts
     D:8: 1054 daAuts
     D:3: 1003 daAuts
     D:4: 896 daAuts
     D:7: 852 daAuts
Gauntlet: 838 daAuts
     D:2: 835 daAuts
     D:1: 731 daAuts
     D:5: 660 daAuts
 Ossuary: 622 daAuts
  Bailey: 609 daAuts
  Lair:2: 505 daAuts
     D:9: 346 daAuts
